 Dungeon Crawl Stone Soup version 0.31-a0-1101-g9ad1905 (webtiles) character file.

Game seed: 6991655152110006268

3783 PidgeyThePirate the Carver (level 9, -3/74 HPs)
             Began as a Pale Draconian Conjurer on Dec 1, 2023.
             Was a Follower of Hepliaklqana.
             Slain by a killer bee (4 damage)
             ... on level 8 of the Dungeon.
             The game lasted 00:29:31 (9343 turns).

PidgeyThePirate the Carver (DrCj)                   Turns: 9343, Time: 00:29:32

Health: -3/74      AC: 13    Str:  9    XL:     9   Next: 95%
Magic:  14/14      EV: 13    Int: 19    God:    Hepliaklqana [*.....]
Gold:   376        SH: 10    Dex: 16    Spells: 12/15 levels left

rFire   . . .        p - +1 falchion (vamp)
rCold   . . .        i - +0 kite shield
rNeg    . . .        (body armour unavailable)
rPois   .            q - +1 hat {SInv}
rElec   .            (no cloak)
rCorr   .            (no gloves)
SInv    +            r - +0 pair of boots
Will    .....        (no amulet)
Stlth   ++           B - +4 ring of protection
HPRegen 0.32/turn    (no ring)
MPRegen 0.14/turn

%: no passive effects
@: lethally poisoned (-3 -> -5), attractive, hasted, very quick
A: reduced essence, breathe steam, AC +7, unfitting armour, cold-blooded, steam
resistance, agile 1, robust 1
a: Breathe Steam, Renounce Religion, Recall Ancestor, Ancestor Identity


You were on level 8 of the Dungeon.
You worshipped Hepliaklqana.
Hepliaklqana was aware of your devotion.
You visited 2 branches of the dungeon, and saw 9 of its levels.
You also visited: Sewer.

You collected 376 gold pieces.

Inventory:

Hand Weapons
 f - a +0 long sword
 p - a +1 vampiric falchion (weapon)
 z - a +2 long sword of holy wrath
Armour
 i - a +0 kite shield (worn)
 l - an orb of wrath
 q - a +1 hat of see invisible (worn)
 r - a +0 pair of boots (worn)
Magical Staves
 C - a staff of air
Jewellery
 B - a +4 ring of protection (left hand)
Wands
 w - a wand of mindburst (10)
Scrolls
 e - a scroll of blinking {unknown}
 g - a scroll of amnesia {unknown}
 h - 2 scrolls of revelation {unknown}
 j - 2 scrolls of fear {unknown}
 k - a scroll of summoning {unknown}
 m - 3 scrolls of vulnerability {unknown}
 o - 3 scrolls of identify {unknown}
 t - a scroll of fog {unknown}
 u - 4 scrolls of teleportation {unknown}
 y - 6 scrolls of noise {unknown}
 D - 2 scrolls of enchant weapon {unknown}
Potions
 b - a potion of lignification
 s - 2 potions of enlightenment
 v - a potion of invisibility {unknown}
 A - a potion of resistance {unknown}
 E - a potion of degeneration {unknown}


   Skills:
 + Level 5.2 Fighting
 - Level 8.0 Long Blades
 + Level 6.8 Dodging
 - Level 1.9 Stealth
 - Level 6.0 Shields
 + Level 3.6 Spellcasting
 + Level 5.4 Conjurations


You had 12 spell levels left.
You knew the following spells:

 Your Spells              Type           Power      Damage    Failure   Level
a - Magic Dart            Conj           96%        1d7       6%          1
b - Searing Ray           Conj           48%        2d6       10%         2

Your spell library contained the following spells:

 Spells                   Type           Power      Damage    Failure   Level
 Necrotise                Necr           12%        1d4       52%         1
 Dazzling Flash           Conj/Hex       26%        N/A       52%         3
 Mephitic Cloud           Conj/Pois/Air  10%        N/A       65%         3
 Call Imp                 Summ           6%         N/A       67%         2
 Cigotuvi's Dreadful Rot  Necr/Pois/Air  6%         N/A       67%         2
 Ignite Poison            Fire/Tmut/Pois 3%         N/A       88%         3
 Vampiric Draining        Necr           3%         2d6       88%         3
 Fulminant Prism          Conj/Hex       6%         3d7       89%         4
 Iskenderun's Mystic Bla  Conj/Tloc      13%        2d5       89%         4
 Agony                    Necr           3%         N/A       100%        5
 Freezing Cloud           Conj/Ice/Air   5%         6-21      100%        5


Dungeon Overview and Level Annotations

Branches:
Dungeon (8/15)             Temple (1/1) D:5           Sewer (visited)
   Lair: D:8-11

Altars:
Ashenzari
Cheibriados
Elyvilon
Fedhas
Gozag
Hepliaklqana
Nemelex Xobeh
Okawaru
Ru
Sif Muna
Trog
Uskayaw
Wu Jian
Yredelemnul
Zin
The Shining One


Innate Abilities, Weirdness & Mutations

Your life essence is reduced to manifest your ancestor. (-10% HP)
You can breathe blasts of scalding, opaque steam.
Your pale cyan-grey scales are hard. (AC +7)
You cannot fit into any form of body armour.
You are cold-blooded and may be slowed by cold attacks.
You are immune to the effects of steam.
You are agile. (Dex +4, Str/Int -1)
You are robust. (+10% HP)


Message History

The killer bee closely misses you.
You feel sick.
The killer bee attacks as it pursues you!
The killer bee stings you.
* * * LOW HITPOINT WARNING * * *
You block the killer bee's attack.
You feel sick.
The killer bee attacks as it pursues you!
The killer bee stings you.
* * * LOW HITPOINT WARNING * * *
The killer bee stings you.
* * * LOW HITPOINT WARNING * * *
You feel sick.
You are no longer poisoned.
You block the killer bee's attack.
You feel better. You block the killer bee's attack. The killer bee stings you.
* * * LOW HITPOINT WARNING * * *
The killer bee attacks as it pursues you!
You block the killer bee's attack. The killer bee closely misses you.
The killer bee attacks as it pursues you!
You block the killer bee's attack. The killer bee stings you.
* * * LOW HITPOINT WARNING * * *
You are lethally poisoned!
The killer bee poisons you!
You closely miss the killer bee.
* * * LOW HITPOINT WARNING * * *
You feel sick. You block the killer bee's attack. The killer bee misses you.
It was a potion of mutation.
You feel extremely strange.
You feel robust.
You feel agile.
* * * LOW HITPOINT WARNING * * *
You feel sick. The killer bee misses you. The killer bee barely misses you.
It was a potion of haste.
You feel yourself speed up.
* * * LOW HITPOINT WARNING * * *
You feel sick. You block the killer bee's attack.
The killer bee stings you but does no damage.
It was a potion of attraction.
You feel attractive to monsters.
The killer bee buzzes angrily.
You hear an angry buzzing noise.
The killer bee stings you.
You die...

#....... # #..^.Yy.##.#.##.#####
#...#...##.##.##.#####.......5..#
.................# #......###.#
#.......#####5#### ######## #.#
..... ####.#### #y#
.#..###.......##### #y#
............Y....###### #.#
#...#####y#y##.......# #.# ..
#..@.#.......# #.5 #............#
### #....#.......# #
#####..#.#.......# ###
........<...###### #~.
###.##.#.#### #≈. #......# #~~
####.### ...~ ... #..#.~


You could see a death yak, 2 killer bees and a white imp.

Vanquished Creatures
  A hornet (D:7)
  A slime creature (D:7)
  Eustachio (D:5)
  2 orc warriors (D:7)
  4 ice beasts
  An ogre (D:6)
  The ghost of WinterFox the Chiller, an amateur DgIE (D:4)
  2 phantoms
  A centaur (D:6)
  5 bullfrogs
  2 scorpions
  A wight (D:8)
  A howler monkey (D:6)
  10 jellies
  8 hounds
  A sleepcap (D:4)
  2 orc priests (D:7)
  3 gnoll boudas
  6 iguanas
  5 orc wizards
  13 gnolls
  12 adders
  2 white imps
  2 ufetubi (D:6)
  3 worms
  2 dart slugs (D:2)
  12 orcs
  24 endoplasms
  12 giant cockroaches
  10 goblins
  6 hobgoblins
  2 jackals (D:4)
  11 kobolds
  13 quokkas
  18 ball pythons
  7 bats
  8 frilled lizards
  4 rats
219 creatures vanquished.

Vanquished Creatures (collateral kills)
  An unseen horror simulacrum (D:8)
  A water moccasin (D:7)
  A bullfrog (D:7)
  A jelly (D:7)
  A hound (D:7)
  An orc (D:7)
6 creatures vanquished.

Vanquished Creatures (others)
  An orc wizard (D:7)
  6 ancestors
7 creatures vanquished.

Grand Total: 232 creatures vanquished

Notes
Turn   | Place    | Note
-------+----------+-------------------------------------------
     0 | D:1      | PidgeyThePirate the Draconian Conjurer began the quest for
                  | the Orb.
     0 | D:1      | Reached XP level 1. HP: 14/14 MP: 3/3
   256 | D:1      | Reached XP level 2. HP: 20/20 MP: 1/5
  1010 | D:2      | Reached XP level 3. HP: 26/26 MP: 6/6
  1134 | D:2      | Learned a level 2 spell: Searing Ray
  1330 | D:2      | Reached skill level 1 in Long Blades
  1628 | D:2      | Reached XP level 4. HP: 34/34 MP: 7/7
  2158 | D:3      | Found a faded altar of an unknown god.
  2237 | D:3      | Reached skill level 2 in Long Blades
  2483 | D:3      | Reached XP level 5. HP: 38/39 MP: 8/8
  2570 | D:3      | Reached skill level 1 in Fighting
  2570 | D:3      | Reached skill level 3 in Long Blades
  2659 | D:3      | Found a glowing drain.
  2668 | Sewer    | Entered a sewer
  3008 | Sewer    | Reached skill level 4 in Long Blades
  3008 | Sewer    | Reached XP level 6. HP: 23/47 MP: 9/9
  3710 | D:4      | Found a transporter.
  3714 | D:4      | Found a transporter.
  3714 | D:4      | Noticed WinterFox's ghost (amateur DgIE)
  4080 | D:4      | HP: 2/48 [iguana (5)]
  4082 | D:4      | Reached skill level 5 in Long Blades
  4082 | D:4      | Your scales start taking on a pale cyan-grey colour.
  4082 | D:4      | Reached XP level 7. HP: 5/55 MP: 10/10
  4082 | D:4      | Gained mutation: You are immune to the effects of steam.
                  | [Pale Draconian growth]
  4284 | D:4      | Reached skill level 1 in Shields
  4743 | D:5      | Entered Level 5 of the Dungeon
  4808 | D:5      | Noticed Eustachio
  4860 | D:5      | Killed Eustachio
  5137 | D:5      | Reached skill level 6 in Long Blades
  5344 | D:5      | Found a staircase to the Ecumenical Temple.
  5358 | Temple   | Entered the Ecumenical Temple
  5428 | Temple   | Became a worshipper of Hepliaklqana the Forgotten
  5525 | D:5      | Reached XP level 8. HP: 44/62 MP: 11/11
  6358 | D:6      | Reached skill level 7 in Long Blades
  6703 | D:6      | Reached skill level 5 in Dodging
  6942 | D:6      | Found a sparkling altar of Nemelex Xobeh.
  7075 | D:4      | Killed WinterFox's ghost
  7076 | D:4      | Reached XP level 9. HP: 29/63 MP: 10/12
  7254 | D:7      | Found an opulent altar of Gozag.
  7255 | D:7      | Reached * piety under Hepliaklqana
  7298 | D:7      | Reached skill level 5 in Conjurations
  7303 | D:7      | Reached skill level 5 in Shields
  7486 | D:7      | Reached skill level 8 in Long Blades
  8556 | D:7      | Found a shimmering blue altar of Sif Muna.
  8727 | D:7      | Found a glowing golden altar of the Shining One.
  8730 | D:7      | Found an ornate altar of the Wu Jian Council.
  8738 | D:7      | Found a broken altar of Ashenzari.
  8741 | D:7      | Found an iron altar of Okawaru.
  8962 | D:8      | Reached skill level 5 in Fighting
  9041 | D:8      | Noticed a death yak
  9296 | D:8      | Noticed a death yak
  9340 | D:8      | HP: 2/66 [poisoned by a killer bee]
  9341 | D:8      | Gained mutation: You are robust. (+10% HP) [potion of
                  | mutation]
  9341 | D:8      | Gained mutation: You are agile. (Dex +4, Str/Int -1)
                  | [potion of mutation]
  9343 | D:8      | Slain by a killer bee

Illustrated notes

Levels and vault maps discovered:
D:1:      mrwooster_arrival_statue_3, layout_basic, minmay_distorted
D:2:      layout_basic, minmay_diced_spiral
D:3:      layout_loops_corners, nicolae_ecumenical_lake_church,
          portal_sewer_entry_e
D:4:      layout_loops_ring, gammafunk_ghost_arena
D:5:      layout_basic, minmay_temple_entry_enclosed_plants, uniq_eustachio
D:6:      layout_basic, nemelex_dance_club_becter
D:7:      lemuel_slime, layout_loops_corners, led_sif_pool,
          lemuel_crystal_altar, grunt_temple_overflow_cloverleaf,
          roderic_lattice_a
D:8:      layout_loops_cross, grunt_temple_overflow_champion_of_chaos,
          nicolae_vehumet_altar_sigil, overflow_temple_1_default,
          due_lair_maze_entry_diamond, serial_ice, serial_ice_m, serial_ice_j,
          serial_ice_h, serial_ice_n, uniq_erica, uniq_grum, uniq_maurice
Temple:   hellmonk_temple_beads

Skill      XL: |  1  2  3  4  5  6  7  8  9 |
---------------+----------------------------+-----
Dodging        | 2 3 4 5 6 |  6.8
Long Blades    | 1 2 4 5 6 7 8 |  8.0
Fighting       | 1 2 3 5 |  5.2
Shields        | 2 4 6 |  6.0
Conjurations   | 5 |  5.4
Spellcasting   | 3 |  3.6
Stealth        | |  1.9

Action                     |  1- 3 |  4- 6 |  7- 9 || total
---------------------------+-------+-------+-------++-------
  Melee: Long sword        |    68 |    35 |       ||   103
         Tailslap          |     5 |    20 |    65 ||    90
         Falchion          |       |   182 |   443 ||   625
         Punch             |       |     3 |       ||     3
   Cast: Magic Dart        |    41 |    13 |       ||    54
         Searing Ray       |     1 |     4 |    27 ||    32
    Use: Potion            |       |       |    12 ||    12
   Stab: Sleeping          |     2 |     6 |     4 ||    12
         Distracted        |       |     1 |     1 ||     2
 Armour: Skin              |    66 |   177 |   374 ||   617
  Dodge: Dodged            |    76 |   198 |   246 ||   520
  Block: Kite shield       |       |    18 |   278 ||   296

Table legend: (Time is in decaauts)
 A = Elapsed time spent in this place.
 B = Non-inter-level travel time spent in this place.
 C = Inter-level travel time spent in this place.
 D = Time resting spent in this place.
 E = Time spent auto-exploring this place.
 F = Levels seen in this place.
 G = Mean time per level.
                   A        B        C        D        E       F      G
               +--------+--------+--------+--------+--------+-----+--------+
         Total |   9562 |   9079 |    483 |      0 |   6472 |  10 |  956.2 |
       Dungeon |   9028 |   8614 |    414 |      0 |   6369 |   8 | 1128.5 |
        Temple |     83 |     14 |     69 |      0 |      0 |   1 |   83.0 |
         Sewer |    450 |    450 |      0 |      0 |    102 |   1 |  450.0 |
               +--------+--------+--------+--------+--------+-----+--------+

Top non-repeatable levels by time:
     D:7: 1873 daAuts
     D:5: 1451 daAuts
     D:4: 1294 daAuts
     D:2: 1275 daAuts
     D:3: 1186 daAuts
     D:1: 892 daAuts
     D:6: 810 daAuts
   Sewer: 450 daAuts
     D:8: 243 daAuts
  Temple: 83 daAuts
